 Dungeon Crawl Stone Soup version 0.30-a0-1164-ge08a67761e (webtiles) character file.

Game seed: 8188131772799193561

127958 Sobieck the Devastator (level 16, -6/87 HPs)
             Began as a Deep Elf Conjurer on Apr 29, 2023.
             Was a High Priest of Sif Muna.
             Mangled by Polyphemus (14 damage)
             ... while petrified by a catoblepas
             ... on level 2 of the Shoals on Apr 30, 2023.
             The game lasted 01:40:01 (34094 turns).

Sobieck the Devastator (Deep Elf Conjurer)         Turns: 34094, Time: 01:40:02

Health: -6/87      AC: 14    Str:  4    XL:     16   Next: 47%
Magic:  38/38      EV:  2    Int: 35    God:    Sif Muna [*****.]
Gold:   624        SH:  0    Dex: 13    Spells: 7/47 levels left

rFire   . . .        a - staff of conjuration {!a@e2staff}
rCold   . . .        (no shield)
rNeg    + + +        V - +0 robe {Will+}
rPois   ∞            u - +0 helmet {Int+3}
rElec   +            L - scarf {shadows}
rCorr   .            f - +1 pair of gloves {Stlth+}
SInv    .            d - +0 pair of boots "Buufal" {rElec Regen+}
Will    ++...        T - amulet of reflection
Stlth   ++++         K - +4 ring of protection
HPRegen 1.14/turn    y - +4 ring of protection
MPRegen 0.26/turn

%: reflection
@: petrified
A: no striking features
a: Renounce Religion, Channel Magic, Forget Spell, Divine Exegesis


You were on level 2 of the Shoals.
You worshipped Sif Muna.
Sif Muna was extremely pleased with you.
You visited 5 branches of the dungeon, and saw 26 of its levels.
You visited 1 bazaar.

You collected 3446 gold pieces.
You spent 2822 gold pieces at shops.


   Skills:
 - Level 5.0 Fighting
 - Level 6.0 Dodging
 - Level 6.0 Stealth
 - Level 16.2 Spellcasting
 - Level 17.5 Conjurations
 - Level 9.0 Hexes
 - Level 4.0 Translocations
 - Level 7.0 Transmutations
 * Level 17.2 Fire Magic
 - Level 5.0 Air Magic
 - Level 6.0 Invocations


You had 7 spell levels left.
You knew the following spells:

 Your Spells              Type           Power      Damage    Failure   Level
a - Magic Dart            Conj           100%       1d8       0%          1
b - Plasma Beam           Fire/Air       41%        2x1d60    1%          6
c - Fulminant Prism       Conj/Hex       55%        3d25      1%          4
d - Iskenderun's Mystic   Conj/Tloc      100%       2d19      1%          4
e - Irradiate             Conj/Tmut      53%        3d29      1%          5
f - Ignition              Fire           49%        3d14      7%          8
g - Iskenderun's Battles  Conj           100%       2d15      1%          5
h - Orb of Destruction    Conj           61%        9d15      1%          7

Your spell library contained the following spells:

 Spells                   Type           Power      Damage    Failure   Level
 Foxfire                  Conj/Fire      100%       2x1d9     0%          1
 Shock                    Conj/Air       100%       1d9       0%          1
 Searing Ray              Conj           100%       2d8       0%          2
 Dazzling Flash           Conj/Hex       100%       N/A       0%          3
 Flame Wave               Conj/Fire      100%       2d21      0%          4
 Sticky Flame             Conj/Fire      100%       2d11      0%          4
 Apportation              Tloc           100%       N/A       1%          1
 Freeze                   Ice            100%       1d10      1%          1
 Necrotise                Necr           100%       1d9       1%          1
 Summon Small Mammal      Summ           100%       N/A       1%          1
 Blink                    Tloc           100%       N/A       1%          2
 Momentum Strike          Conj/Tloc      100%       3d10      1%          2
 Static Discharge         Conj/Air       100%       2-7/arc   1%          2
 Sublimation of Blood     Necr           28%        N/A       1%          2
 Hailstorm                Conj/Ice       94%        3d19      1%          3
 Ignite Poison            Fire/Tmut/Pois 71%        N/A       1%          3
 Portal Projectile        Hex/Tloc       100%       N/A       1%          3
 Stone Arrow              Conj/Erth      100%       3d13      1%          3
 Volatile Blastmotes      Fire/Tloc      100%       2d18      1%          3
 Airstrike                Air            29%        2d(5-21)  1%          4
 Anguish                  Hex/Necr       28%        N/A       1%          4
 Leda's Liquefaction      Hex/Erth       28%        N/A       1%          4
 Arcjolt                  Conj/Air       51%        1d61      1%          5
 Fireball                 Conj/Fire      61%        3d23      1%          5
 Freezing Cloud           Conj/Ice/Air   44%        6-21      1%          5
 Conjure Ball Lightning   Conj/Air       51%        3x3d18    1%          6
 Starburst                Conj/Fire      61%        6d16      1%          6
 Passage of Golubria      Tloc           54%        N/A       2%          4
 Petrify                  Tmut/Erth      52%        N/A       3%          4
 Call Canine Familiar     Summ           28%        N/A       4%          3
 Frozen Ramparts          Ice            56%        1d9       4%          3
 Summon Lightning Spire   Summ/Air       45%        N/A       4%          4
 Iron Shot                Conj/Erth      47%        9d9       5%          6
 Animate Dead             Necr           28%        N/A       13%         4
 Summon Forest            Summ/Tloc      21%        N/A       16%         5
 Enfeeble                 Hex            37%        N/A       28%         7
 Spellforged Servitor     Conj/Summ      47%        N/A       30%         7
 Borgnjor's Vile Clutch   Necr/Erth      14%        N/A       36%         5
 Lee's Rapid Deconstruct  Erth           14%        3d9*      36%         5
 Eringya's Noxious Bog    Tmut/Pois      26%        N/A       43%         6
 Statue Form              Tmut/Erth      34%        N/A       43%         6
 Death Channel            Necr           14%        N/A       90%         6
 Haunt                    Necr/Summ      14%        N/A       100%        7
 Summon Hydra             Summ           14%        N/A       100%        7
 Fire Storm               Conj/Fire      61%        8d16      71%         9
 Lehudib's Crystal Spear  Conj/Erth      47%        10d11     93%         8
 Infestation              Necr           14%        N/A       100%        8
 Chain Lightning          Conj/Air       51%        3d68      100%        9

Inventory:

Missiles
 G - 21 poisoned darts {throwing}
 J - 13 boomerangs {throwing}
 S - 4 curare-tipped darts {=fthrowing}
Armour
 d - the +0 pair of boots "Buufal" (worn) {rElec Regen+}
   (You bought it in a shop on level 2 of the Orcish Mines)

   rElec:     It insulates you from electricity.
   Regen:     It increases your rate of health regeneration.
 f - a +1 pair of gloves of stealth (worn)
   (You bought it in a shop in a bazaar)
 u - a +0 helmet of intelligence (worn)
   (You bought it in a shop on level 6 of the Dungeon)
 L - a scarf of shadows (worn)
   (You found it on level 12 of the Dungeon)
 V - a +0 robe of willpower (worn)
   (You took it off an ogre mage on level 2 of the Orcish Mines)
Magical Staves
 a - a staff of conjuration (weapon) {!a@e2staff}
   (You found it on level 11 of the Dungeon)
 r - a staff of cold {!astaff}
   (You found it on level 15 of the Dungeon)
Jewellery
 k - a ring of ice
   (You found it on level 1 of the Dungeon)
 l - a ring of fire
   (You found it on level 7 of the Dungeon)
 n - a ring of flight
   (You took it off a wight on level 8 of the Dungeon)
 w - a ring of poison resistance
   (You found it on level 2 of the Dungeon)
 y - a +4 ring of protection (right hand)
   (You took it off an orc priest on level 10 of the Dungeon)
 F - a ring of ice
   (You found it on level 1 of the Lair of Beasts)
 K - a +4 ring of protection (left hand)
   (You took it off an orc on level 11 of the Dungeon)
 N - a ring of protection from fire
   (You found it on level 1 of the Lair of Beasts)
 T - an amulet of reflection (around neck)
   (You found it on level 5 of the Lair of Beasts)
Wands
 e - a wand of iceblast (27)
   (You took it off a wight on level 8 of the Dungeon)
 g - a wand of charming (29)
   (You found it on level 7 of the Dungeon)
 t - a wand of light (6)
   (You found it on level 14 of the Dungeon)
 U - a wand of polymorph (8)
   (You found it on level 5 of the Lair of Beasts)
Scrolls
 c - 5 scrolls of blinking {!r}
 h - 4 scrolls of brand weapon
 i - 4 scrolls of noise {!r}
 j - 4 scrolls of immolation {!r!r}
 m - 6 scrolls of poison {!r}
 o - a scroll of silence {!r}
 p - 12 scrolls of teleportation {@r4}
 q - 3 scrolls of vulnerability {!r!r}
 v - 5 scrolls of fog
 x - 4 scrolls of identify {@r1}
 C - 3 scrolls of butterflies
 E - 4 scrolls of torment {!r}
 O - 4 scrolls of amnesia
 R - 2 scrolls of magic mapping {!r}
 X - a scroll of fear
Potions
 b - 2 potions of magic
 s - 2 potions of berserk rage {!q}
 z - 5 potions of brilliance
 A - 5 potions of lignification {!q}
 B - 13 potions of curing {@q1}
 D - a potion of invisibility
 H - 2 potions of mutation {!q}
 I - 6 potions of flight
 M - 2 potions of cancellation
 P - 10 potions of heal wounds {@q2}
 Q - 3 potions of ambrosia
 W - 4 potions of might
 Y - a potion of haste {@q3}
 Z - 2 potions of resistance

Dungeon Overview and Level Annotations

Branches:
Dungeon (15/15) Zot: 25068  Temple (1/1) D:7 Zot: 5813    Lair (5/5) D:10 Zot: 20795
 Shoals (3/4) Lair:2 Zot: 14772  Spider (0/4) Lair:2        Slime (0/5) Lair:5
    Orc (2/2) D:12 Zot: 9197     Elf (0/3) Orc:2        Vaults (0/5) D:13
 Depths (0/4) D:15

Altars:
Ashenzari
Cheibriados
Dithmenos
Fedhas
Gozag
Hepliaklqana
Kikubaaqudgha
Makhleb
Nemelex Xobeh
Okawaru
Qazlal
Ru
Sif Muna
Trog
Uskayaw
Wu Jian
Xom
Yredelemnul
Zin
The Shining One
Jiyva

Shops:
D:6 [   Orc:1 [   Orc:2 [=*:   Shoals:1 ?

Annotations:
D:2 1 runed translucent door, Crazy Yiuf, Sigmund
D:5 3 runed translucent doors, hgbash's ghost, amateur OpFE
D:7 exclusion: downstairs
D:8 1 runed translucent door, Monarks's ghost, novice MiBe
D:12 1 transporter, Maxmaps's ghost, journeyman DsMo
Lair:4 3 runed translucent doors, SkeletonJelly's ghost, journeyman DrMo
Lair:5 1 runed translucent door, jasper's ghost, journeyman SpCj
Shoals:2 Polyphemus

~~~~~....~.......##..~~~.~~~.~~~~
~~......~..##..~..#...~~~~~..~~~~
~....##.~~~.##..~~~~...~~~~~~~~~~
~....#.~~.~~.....~~~....~.~~~...~
~.........~~~~##..~~~~~~..~~.###.
~.##...~..~~~~....~~~~~~.~~..###.
..###..~.~~~~~~.~~~~~~~~~~~~...##
..# #>..~~~~~~~÷~~~~~~~~~~~~...##
.## #..~~~~~~~~Y@~~~~~~~~~~~~....
## #..~~~~~~~~~~C~~~~~~~~~~~~~~~
.# ##..~~~~~~~~~~~~~~.~...~~~~~~~
.###...~~~≈≈≈≈~~~~≈~~.....~~~~~~~
.......~~~≈≈~~~~≈≈~~~~~...~~~~~~≈
.....~~~~≈≈≈~...~~~~~~~~..~~~~~~≈
.###.~~≈≈≈≈~~.###..~~~~~...###.~~
.# ##.[~~≈≈~~.# ###.~≈~~...# #..~
.# ###.~~≈~~.# #..~~....###...


You could see Polyphemus and a death yak.


Message History

Unknown command.
There is a stone staircase leading up here.
Okay, then.
Unknown command.
Unknown command.
Unknown command.
Unknown command.
You start waiting.
Polyphemus the Watchful Shepherd comes into view.
Danger!
Unknown command.
Unknown command.
Unknown command.
The bolt of lightning hits Polyphemus!
Polyphemus shouts, "Attack, my pets!
Attack!"
The fiery plasma hits Polyphemus!!!
You hear a bellow!
You hear a shout!
Unknown command.
The bolt of lightning hits Polyphemus!!
The fiery plasma hits Polyphemus!
A death yak comes into view.
Polyphemus drinks a potion.
Polyphemus is healed!
Unknown command.
Casting: Plasma Beam (dangerous; 1% risk of failure)
Confirm with . or Enter, or press ? or * to list all spells.
Aiming: Orb of Destruction (dangerous; 1% risk of failure)
Press: ? - help, Shift-Dir - straight line, f - Polyphemus
Aim: Polyphemus, quivering large rocks (moderately wounded)
You feel a surge of power! Polyphemus throws the death yak at you!
The death yak gores you!!
Your orb of destruction hits a rock wall.
The death yak gores you but does no damage.
Unknown command.
Casting: Orb of Destruction (dangerous; 1% risk of failure)
Confirm with . or Enter, or press ? or * to list all spells.
You feel a surge of power!
You erupt in a fountain of uncontrolled magic!
The death yak is blasted with magical radiation!!!
The death yak twists and deforms.
You are very lightly contaminated with residual magic.
A death yak comes into view.
Polyphemus throws a large rock.
The large rock hits you!!!
* * * LOW HITPOINT WARNING * * *
The death yak gores you.
* * * LOW HITPOINT WARNING * * *
The death yak bellows!
You hear a bellow!
The death yak misses you.
You climb upwards.
There is a stone staircase leading down here.
Unknown command.
Casting: Irradiate (mildly dangerous; 1% risk of failure)
Confirm with . or Enter, or press ? or * to list all spells.
You feel a surge of power!
You erupt in a fountain of uncontrolled magic!
The death yak is blasted with magical radiation!!!
You kill the death yak!
Sif Muna accepts your kill.
You are lightly contaminated with residual magic.
Unknown command.
You start resting.
Your magical contamination has completely faded away.
You start resting.
Unknown command.
You start resting.
Unknown command.
You climb downwards.
Level annotation: Polyphemus The death yak misses you.
The catoblepas breathes a plume of calcifying dust at you.
The blast of calcifying dust hits you. Polyphemus hits you.
Polyphemus hits you but does no damage. The death yak closely misses you.
There is a stone staircase leading up, spattered with blood here.
Danger!
You are engulfed in calcifying dust.
You are slowing down.
The death yak gores you! Polyphemus hits you!!
Polyphemus hits you but does no damage.
You climb upwards.
You have turned to stone.
Polyphemus hits you. x2; The death yak gores you!
Polyphemus hits you!
* * * LOW HITPOINT WARNING * * *
Polyphemus hits you!
* * * LOW HITPOINT WARNING * * *
The death yak gores you!
* * * LOW HITPOINT WARNING * * *
Polyphemus hits you.
* * * LOW HITPOINT WARNING * * *
Polyphemus hits you!
* * * LOW HITPOINT WARNING * * *
The death yak gores you but does no damage.
Polyphemus wildly rolls his eye at you. Polyphemus hits you!!
* * * LOW HITPOINT WARNING * * *
Polyphemus hits you.
* * * LOW HITPOINT WARNING * * *
The death yak gores you.
* * * LOW HITPOINT WARNING * * *
Polyphemus hits you!!
You die...

Skill      XL: |  1  2  3  4  5  6  7  8  9 10 11 12 13 14 15 16 |
---------------+-------------------------------------------------+-----
Spellcasting   | 4 5 6 7 9 10 12 15 16 | 16.2
Conjurations   | 5 6 7 8 10 11 14 15 16 17 | 17.5
Hexes          | 1 3 4 5 6 8 9 |  9.0
Translocations | 2 4 |  4.0
Transmutations | 6 7 |  7.0
Invocations    | 3 5 6 |  6.0
Dodging        | 4 6 |  6.0
Stealth        | 4 6 |  6.0
Fighting       | 2 4 5 |  5.0
Fire Magic     | 7 11 15 17 | 17.2
Air Magic      | 4 5 |  5.0

Action                     |  1- 3 |  4- 6 |  7- 9 | 10-12 | 13-15 | 16-18 || total
---------------------------+-------+-------+-------+-------+-------+-------++-------
  Melee: Dagger            |       |     1 |       |       |       |       ||     1
   Cast: Magic Dart        |    36 |    43 |    75 |   107 |   189 |     9 ||   459
         Searing Ray       |     3 |    11 |    38 |    20 |       |       ||    72
         Fulminant Prism   |       |       |    34 |    97 |    54 |     2 ||   187
         Iskenderun's Myst |       |       |     9 |    52 |    64 |     6 ||   131
         Irradiate         |       |       |     1 |    47 |    38 |    10 ||    96
         Iskenderun's Batt |       |       |       |       |    42 |     3 ||    45
         Orb of Destructio |       |       |       |       |    22 |     6 ||    28
         Plasma Beam       |       |       |       |       |    32 |    79 ||   111
         Ignition          |       |       |       |       |       |     3 ||     3
 Invoke: Channel Magic     |       |       |       |       |       |     1 ||     1
    Use: Scroll            |       |       |    20 |     4 |     6 |     2 ||    32
         Potion            |       |       |     1 |       |     2 |       ||     3
 Armour: Leather armour    |     9 |    10 |    14 |    17 |    43 |       ||    93
         Robe              |       |       |       |       |     5 |    13 ||    18
  Dodge: Dodged            |     9 |     8 |    20 |    85 |   103 |    22 ||   247
  Block: Other             |       |       |       |       |     7 |     4 ||    11
         Reflection        |       |       |       |       |     1 |     2 ||     3

Levels and vault maps discovered:
D:1:      nicolae_arrival_memento_mori, layout_loops_ring
D:2:      layout_basic, kennysheep_generic_room_4, uniq_natasha, uniq_sigmund,
          uniq_crazy_yiuf_cottage
D:3:      layout_loops_ring, kb_xom_exploding_sheep, corexii_corridor_pit,
          minmay_misc_feat_pillars, st_stairs_1, minmay_crystal_water,
          kennysheep_generic_room_15, uniq_jessica
D:4:      minmay_spotlight, layout_rooms, zin_academy
D:5:      lemuel_ice_spiral_2, layout_rooms, gammafunk_ghost_nasty_kobolds,
          uniq_edmund, uniq_prince_ribbit1, uniq_duvessa
D:6:      layout_basic, mainiacjoe_overflow_alcove_4, serial_shops,
          nicolae_shop_peninsula, chequers_jeans, hangedman_glass_teeth
D:7:      layout_gridville, nicolae_dithmenos_through_a_glass_darkly,
          minmay_temple_entry_offerings
D:8:      layout_rooms, hellmonk_ghost_happy_afterlife, nrook_mini_vaults,
          nicolae_looking_at_the_future, uniq_erica, uniq_maggie
D:9:      layout_layer_cave, okawaru_humans
D:10:     layout_loops_cross, david_lair_shrubbed
D:11:     layout_rooms
D:12:     layout_roguey, orc_0_dummy, gammafunk_ghost_smash
D:13:     layout_basic, erik_vaults_1
D:14:     layout_roguey, gauntlet_entry_generic, hangedman_decor_riveting,
          serial_corexii_hall, corexii_hall_statues_t,
          chequers_hall_statues_corner_a
D:15:     hangedman_depths_entry_civil_slaughter, layout_basic,
          nemelex_lonely_heart_becter, serial_bayou_pond_e
Temple:   bh_familiar_temple
Lair:1:   layout_hall_layers, special_room, wad_woods_03
Lair:2:   layout_regular_city, elwin_shoals_entry_rooms, spider_nest_entry_webs,
          nicolae_lair_liquid_snakes, grunt_megastairs_5, uniq_nergalle
Lair:3:   layout_loops_ring
Lair:4:   layout_hall_layers, maelrawn_ghost_gauntlet_escape
Lair:5:   minmay_lair_end_frog_pond, layout_regular_city, slime_entry_1,
          ebering_ghost_inner_flame, uniq_sonja, uniq_kirke
Shoals:1: layout_shoals, serial_shops, nicolae_shop_tiny_real_fake_doors
Shoals:2: layout_shoals, serial_shops, bzr_entry_gold
Shoals:3: layout_shoals, uniq_polyphemus
Orc:1:    layout_diamond_mine, serial_shops, nicolae_shop_rolling_square,
          mines5_lemuel, uniq_jorgrun
Orc:2:    st_orc_ogre_mass, layout_diamond_mine, uniq_maurice

Notes
Turn   | Place    | Note
-------+----------+-------------------------------------------
     0 | D:1      | Sobieck the Deep Elf Conjurer began the quest for the Orb.
     0 | D:1      | Reached XP level 1. HP: 10/10 MP: 6/6
   369 | D:1      | Reached XP level 2. HP: 15/15 MP: 5/8
   404 | D:1      | Learned a level 2 spell: Searing Ray
   921 | D:2      | You pick up a book of the Earth and begin reading...
   921 | D:2      | You add the spells Leda's Liquefaction, Lee's Rapid
                  | Deconstruction and Statue Form to your library.
   924 | D:2      | Identified the +5 leather armour "Kumasuseol" {Will+ SInv}
   941 | D:2      | Noticed Natasha
   996 | D:2      | Killed Natasha
   997 | D:2      | Reached skill level 4 in Spellcasting
   997 | D:2      | Reached skill level 5 in Conjurations
   997 | D:2      | Reached XP level 3. HP: 12/19 MP: 3/10
  1086 | D:2      | You add the spells Ignite Poison, Sticky Flame and Ignition
                  | to your library.
  1447 | D:2      | Reached XP level 4. HP: 21/24 MP: 7/12
  1490 | D:2      | Learned a level 4 spell: Fulminant Prism
  1562 | D:2      | Noticed Sigmund
  1674 | D:2      | Found a runed translucent door.
  1675 | D:2      | Noticed Crazy Yiuf
  1896 | D:3      | Reached skill level 5 in Spellcasting
  1896 | D:3      | Reached skill level 1 in Hexes
  2326 | D:3      | Reached XP level 5. HP: 28/28 MP: 11/14
  2373 | D:3      | Noticed Jessica
  2376 | D:3      | Killed Jessica
  2377 | D:3      | Reached skill level 2 in Hexes
  2592 | D:3      | Noticed a dream sheep
  2592 | D:3      | Noticed a dream sheep
  2592 | D:3      | Noticed a dream sheep
  2592 | D:3      | Noticed a dream sheep
  2592 | D:3      | Noticed a dream sheep
  2592 | D:3      | Found a shimmering altar of Xom.
  2596 | D:3      | Killed a dream sheep
  2597 | D:3      | Killed a dream sheep
  2597 | D:3      | Killed a dream sheep
  2597 | D:3      | Killed a dream sheep
  2598 | D:3      | Killed a dream sheep
  2927 | D:4      | Noticed an ogre
  2943 | D:4      | Killed an ogre
  2944 | D:4      | Reached skill level 6 in Conjurations
  2944 | D:4      | Reached skill level 3 in Hexes
  2992 | D:4      | Reached XP level 6. HP: 32/32 MP: 14/16
  3076 | D:4      | Reached skill level 6 in Spellcasting
  3082 | D:4      | Reached skill level 4 in Hexes
  3211 | D:4      | Reached XP level 7. HP: 36/36 MP: 14/19
  3326 | D:4      | Found a glowing silver altar of Zin.
  3576 | D:4      | You fall into a shaft and drop 3 floors!
  3683 | D:7      | Reached skill level 7 in Spellcasting
  3802 | D:7      | Reached skill level 7 in Conjurations
  3802 | D:7      | Reached skill level 5 in Hexes
  3881 | D:7      | Found a staircase to the Ecumenical Temple.
  3889 | D:7      | Noticed a steam dragon
  3890 | D:7      | You pick up a book of Unlife and begin reading...
  3890 | D:7      | You add the spells Animate Dead, Borgnjor's Vile Clutch and
                  | Death Channel to your library.
  3893 | Temple   | Entered the Ecumenical Temple
  4050 | Temple   | Became a worshipper of Sif Muna the Loreminder
  4249 | D:6      | Learned a level 4 spell: Iskenderun's Mystic Blast
  4340 | D:6      | You pick up a book of Maledictions and begin reading...
  4340 | D:6      | You add the spells Anguish and Enfeeble to your library.
  4352 | D:6      | Reached skill level 1 in Translocations
  4373 | D:5      | Entered Level 5 of the Dungeon
  4373 | D:5      | Noticed Edmund
  4385 | D:6      | Killed Edmund
  4386 | D:6      | Reached skill level 2 in Translocations
  4466 | D:6      | Reached XP level 8. HP: 30/41 MP: 14/21
  4595 | D:5      | Reached skill level 8 in Spellcasting
  4595 | D:5      | Reached skill level 3 in Translocations
  5043 | D:5      | Noticed Dowan
  5198 | D:5      | Found a runed translucent gate.
  5199 | D:5      | Found a runed translucent gate.
  5202 | D:5      | Found a runed translucent gate.
  5203 | D:5      | Noticed hgbash's ghost (amateur OpFE)
  5228 | D:5      | Noticed Duvessa
  5231 | D:5      | Killed Dowan
  5234 | D:5      | Killed Duvessa
  5235 | D:5      | Reached skill level 4 in Translocations
  5322 | D:5      | Noticed Prince Ribbit
  5331 | D:5      | Killed Prince Ribbit
  5332 | D:5      | Reached skill level 8 in Conjurations
  5332 | D:5      | Reached skill level 6 in Hexes
  5425 | D:5      | You pick up a book of Alchemy and begin reading...
  5425 | D:5      | You add the spells Sublimation of Blood, Petrify and
                  | Irradiate to your library.
  5467 | D:5      | Reached skill level 9 in Spellcasting
  6212 | D:6      | Reached XP level 9. HP: 39/45 MP: 5/24
  6317 | D:5      | Learned a level 5 spell: Irradiate
  6337 | D:6      | Reached skill level 7 in Hexes
  6562 | D:6      | Found Qicoq's Antique Armour Emporium.
  6570 | D:6      | Bought a glowing helmet for 195 gold pieces
  6601 | D:6      | Found a hide-covered altar of Uskayaw.
  6799 | D:7      | Reached skill level 1 in Transmutations
  7149 | D:7      | Reached skill level 2 in Transmutations
  7285 | D:7      | Reached * piety under Sif Muna
  7286 | D:7      | Reached skill level 3 in Transmutations
  7399 | D:7      | Found a shadowy altar of Dithmenos.
  7594 | D:8      | Noticed Maggie
  7911 | D:8      | Reached skill level 4 in Transmutations
  7922 | D:8      | Noticed Erica
  7930 | D:8      | Killed Erica
  7931 | D:8      | Reached skill level 5 in Transmutations
  7931 | D:8      | Reached skill level 10 in Spellcasting
  7931 | D:8      | Reached skill level 9 in Conjurations
  7931 | D:8      | Reached skill level 8 in Hexes
  8078 | D:8      | Killed Maggie
  8187 | D:8      | Reached skill level 10 in Conjurations
  8264 | D:8      | Reached skill level 6 in Transmutations
  8409 | D:8      | You pick up a book of Storms and begin reading...
  8409 | D:8      | You add the spells Static Discharge, Airstrike and Summon
                  | Lightning Spire to your library.
  8466 | D:8      | Noticed Monarks's ghost (novice MiBe)
  8476 | D:8      | Found a runed translucent door.
  8663 | D:8      | Reached XP level 10. HP: 50/50 MP: 21/26
  8891 | D:8      | Reached skill level 7 in Transmutations
  9049 | D:8      | Reached ** piety under Sif Muna
  9379 | D:9      | Reached skill level 1 in Invocations
  9584 | D:9      | Reached skill level 3 in Dodging
  9584 | D:9      | Reached skill level 3 in Stealth
  9690 | D:9      | Reached skill level 1 in Fighting
 10544 | D:9      | Found an iron altar of Okawaru.
 10934 | D:10     | Entered Level 10 of the Dungeon
 11004 | D:10     | Reached skill level 2 in Invocations
 11061 | D:10     | Reached skill level 4 in Stealth
 11061 | D:10     | Reached skill level 9 in Hexes
 11168 | D:10     | Reached skill level 2 in Fighting
 11366 | D:10     | Identified the +1 chain mail of the Goldsmith {Harm rC+
                  | Dex+2}
 11382 | D:10     | Reached skill level 4 in Dodging
 11708 | D:10     | Reached skill level 3 in Invocations
 12084 | D:10     | Found a staircase to the Lair.
 12370 | D:11     | Noticed a gargoyle
 12379 | D:11     | Killed a gargoyle
 12380 | D:11     | Reached XP level 11. HP: 59/59 MP: 15/27
 12425 | D:11     | Reached skill level 5 in Stealth
 12580 | D:11     | Reached skill level 11 in Spellcasting
 12604 | D:11     | Reached *** piety under Sif Muna
 12605 | D:11     | Reached skill level 3 in Fighting
 12605 | D:11     | Reached skill level 5 in Dodging
 13003 | D:12     | Found a transporter.
 13003 | D:12     | Noticed a two-headed ogre
 13003 | D:12     | Noticed Maxmaps's ghost (journeyman DsMo)
 13003 | D:12     | Noticed a two-headed ogre
 13003 | D:12     | Noticed a two-headed ogre
 13003 | D:12     | Identified the +5 great mace of the Growing Dragonfly
                  | {drain, Str+3}
 13003 | D:12     | Identified the +8 giant spiked club of the Vaults {freeze,
                  | rPois rF+ Int-3}
 13003 | D:12     | Noticed a two-headed ogre
 13005 | D:12     | Noticed a two-headed ogre
 13048 | D:12     | You add the spells Summon Forest, Eringya's Noxious Bog and
                  | Summon Hydra to your library.
 13148 | D:12     | Noticed a two-headed ogre
 13154 | D:12     | Killed a two-headed ogre
 13155 | D:12     | Reached skill level 4 in Invocations
 13438 | D:12     | Found a staircase to the Orcish Mines.
 13711 | D:12     | Noticed a deep elf pyromancer
 13716 | D:12     | Reached skill level 6 in Stealth
 13716 | D:12     | Reached skill level 11 in Conjurations
 13762 | D:12     | Killed a deep elf pyromancer
 14010 | Lair:1   | Entered Level 1 of the Lair of Beasts
 14085 | Lair:1   | Reached skill level 6 in Dodging
 14343 | Lair:1   | You pick up a book of Cantrips and begin reading...
 14343 | Lair:1   | You add the spells Necrotise, Summon Small Mammal and
                  | Apportation to your library.
 14352 | Lair:1   | Reached skill level 4 in Fighting
 14352 | Lair:1   | Reached skill level 5 in Invocations
 14592 | Lair:1   | You fall into a shaft and drop 1 floor!
 15067 | Lair:1   | Reached skill level 12 in Spellcasting
 15315 | Lair:1   | You pick up a book of the Hunter and begin reading...
 15315 | Lair:1   | You add the spells Call Canine Familiar and Portal
                  | Projectile to your library.
 15722 | Lair:2   | Reached XP level 12. HP: 67/67 MP: 23/30
 15724 | Lair:2   | Reached skill level 6 in Invocations
 15815 | Lair:2   | Reached skill level 5 in Fighting
 16083 | Lair:2   | Reached **** piety under Sif Muna
 16084 | Lair:2   | Reached skill level 12 in Conjurations
 16378 | Lair:2   | Found a hole to the Spider Nest.
 16406 | Lair:2   | Found a staircase to the Shoals.
 16472 | Lair:2   | Reached skill level 13 in Spellcasting
 16669 | Lair:2   | Noticed Nergalle
 16683 | Lair:2   | Killed Nergalle
 16871 | Lair:2   | You pick up a book of Death and begin reading...
 16871 | Lair:2   | You add the spells Haunt and Infestation to your library.
 17588 | Lair:3   | Noticed a seven-headed hydra
 17595 | Lair:3   | Reached skill level 14 in Spellcasting
 17595 | Lair:3   | Reached skill level 13 in Conjurations
 17599 | Lair:3   | Killed a seven-headed hydra
 18178 | Lair:3   | Reached skill level 15 in Spellcasting
 18345 | Lair:3   | You pick up a book of Maledictions and begin reading...
 18443 | Lair:3   | Reached skill level 14 in Conjurations
 18698 | Lair:3   | Noticed an eight-headed hydra
 18708 | Lair:3   | Killed an eight-headed hydra
 18709 | Lair:3   | Reached XP level 13. HP: 54/72 MP: 20/34
 19357 | Lair:3   | Reached skill level 15 in Conjurations
 19494 | Lair:3   | Learned a level 8 spell: Ignition
 19607 | Lair:4   | Identified a potion of experience
 19608 | Lair:4   | Reached skill level 7 in Fire Magic
 19608 | Lair:4   | Reached XP level 14. HP: 78/78 MP: 35/35
 19633 | Lair:4   | Noticed SkeletonJelly's ghost (journeyman DrMo)
 19784 | Lair:4   | Found a runed translucent gate.
 19784 | Lair:4   | Found a runed translucent gate.
 19784 | Lair:4   | Found a runed translucent gate.
 20201 | Lair:5   | Entered Level 5 of the Lair of Beasts
 20212 | Lair:5   | Reached skill level 8 in Fire Magic
 20376 | Lair:5   | Noticed Sonja
 20383 | Lair:5   | Killed Sonja
 20384 | Lair:5   | Reached skill level 16 in Spellcasting
 20673 | Lair:5   | Reached skill level 9 in Fire Magic
 20820 | Lair:5   | Reached ***** piety under Sif Muna
 20959 | Lair:5   | Found a runed translucent door.
 20964 | Lair:5   | Noticed jasper's ghost (journeyman SpCj)
 21014 | Lair:5   | Reached skill level 10 in Fire Magic
 21113 | Lair:5   | Received a gift from Sif Muna
 21114 | Lair:5   | You add the spells Shock, Momentum Strike, Iskenderun's
                  | Battlesphere, Orb of Destruction and Fire Storm to your
                  | library.
 21114 | Lair:5   | Got Ler Unn's Incunabulum of Lethal Sparks {god gift}
 21123 | Lair:4   | Learned a level 5 spell: Iskenderun's Battlesphere
 21131 | Lair:4   | Learned a level 7 spell: Orb of Destruction
 21242 | Lair:5   | HP: 15/78 [death yak (11)]
 21699 | Lair:5   | Noticed Kirke
 21702 | Lair:5   | Killed Kirke
 22060 | Lair:5   | Reached skill level 16 in Conjurations
 22145 | Lair:5   | Reached skill level 11 in Fire Magic
 22192 | Lair:5   | Found a staircase to the Slime Pits.
 22192 | Lair:5   | Found a viscous altar of Jiyva.
 22647 | Orc:1    | Entered Level 1 of the Orcish Mines
 22653 | Orc:1    | Noticed Jorgrun
 22727 | Orc:1    | Killed Jorgrun
 23011 | Orc:1    | Reached XP level 15. HP: 78/82 MP: 25/37
 23427 | Orc:1    | Found Zeshanto's Armour Shoppe.
 23585 | Orc:2    | Entered Level 2 of the Orcish Mines
 23702 | Orc:2    | Found a staircase to the Elven Halls.
 24114 | Orc:2    | Received a gift from Sif Muna
 24115 | Orc:2    | You add the spells Stone Arrow, Freezing Cloud, Lehudib's
                  | Crystal Spear and Chain Lightning to your library.
 24115 | Orc:2    | Got Sif Muna's Almanac of the Salvo {god gift}
 24130 | Orc:2    | Reached skill level 12 in Fire Magic
 24470 | Orc:2    | Reached skill level 13 in Fire Magic
 24636 | Orc:2    | Noticed Maurice
 24641 | Orc:2    | Killed Maurice
 25052 | Orc:2    | Found Usesus's Assorted Antiques.
 25052 | Orc:2    | Found Kunoa's Antique Armour Boutique.
 25081 | Orc:2    | Found Suit's Book Shop.
 25081 | Orc:2    | Found Taogej's Jewellery Emporium.
 25091 | Orc:2    | Bought a scroll labelled HEBREO GYUNAD for 30 gold pieces
 25092 | Orc:2    | Bought 2 gluggy clear potions for 54 gold pieces
 25631 | Orc:2    | Bought a book of Fire for 616 gold pieces
 25631 | Orc:2    | You pick up a book of Fire and begin reading...
 25631 | Orc:2    | You add the spells Foxfire, Fireball, Plasma Beam and
                  | Starburst to your library.
 25639 | Orc:2    | Learned a level 6 spell: Plasma Beam
 25640 | Orc:2    | Bought a pair of fine boots for 275 gold pieces
 25640 | Orc:2    | Identified the +0 pair of boots "Buufal" {rElec Regen+}
                  | (You bought it in a shop on level 2 of the Orcish Mines)
 25640 | Orc:2    | Bought a pair of polished gloves for 275 gold pieces
 25640 | Orc:2    | Identified the +2 pair of gloves "Kucutauvam" {Rampage
                  | rElec} (You bought it in a shop on level 2 of the Orcish
                  | Mines)
 25654 | Orc:2    | Bought a pair of steaming boots for 275 gold pieces
 25654 | Orc:2    | Identified the +0 pair of boots of Lugonu, Nurturing
                  | {Rampage rF+ rN++ Str-5} (You bought it in a shop on level
                  | 2 of the Orcish Mines)
 25785 | D:13     | Reached skill level 17 in Conjurations
 25898 | D:13     | Reached skill level 1 in Air Magic
 26423 | D:13     | Reached skill level 14 in Fire Magic
 26698 | D:13     | Found a gate to the Vaults.
 26702 | D:13     | Reached skill level 2 in Air Magic
 26909 | D:13     | Received a gift from Sif Muna
 26910 | D:13     | You add the spells Blink, Flame Wave and Passage of
                  | Golubria to your library.
 26910 | D:13     | Got Sif Muna's Elucidation of the Topological Discharge
                  | {god gift}
 27548 | D:14     | Reached skill level 3 in Air Magic
 28014 | D:14     | You pick up a book of Spectacle and begin reading...
 28411 | D:15     | Entered Level 15 of the Dungeon
 29148 | D:15     | Reached skill level 15 in Fire Magic
 29151 | D:15     | Reached skill level 4 in Air Magic
 29227 | D:15     | You pick up a book of Cantrips and begin reading...
 29324 | D:15     | Reached XP level 16. HP: 87/87 MP: 7/38
 29507 | D:15     | Found a sparkling altar of Nemelex Xobeh.
 29808 | D:15     | Found a staircase to the Depths.
 30370 | Shoals:1 | Entered Level 1 of the Shoals
 30759 | Shoals:1 | Reached skill level 5 in Air Magic
 31103 | Shoals:1 | Found Puxkirui's Magic Scroll Shop.
 31107 | Shoals:1 | Bought a scroll of acquirement for 728 gold pieces
 31107 | Shoals:1 | Acquired 822 gold pieces
 31109 | Shoals:1 | Bought a scroll of blinking for 105 gold pieces
 31360 | Shoals:1 | Reached skill level 16 in Fire Magic
 32907 | Shoals:2 | Found a gateway to a bazaar.
 32939 | Bazaar   | Entered a bazaar
 32939 | Bazaar   | Found Heisapem's Antique Armour Shop.
 32950 | Bazaar   | Found Feleeb's General Store.
 32961 | Bazaar   | Found Heshroite's Book Boutique.
 32969 | Bazaar   | Found Qaesiuca's Magic Scroll Boutique.
 32980 | Bazaar   | Found Secvy's Antique Weapon Emporium.
 33019 | Bazaar   | Bought a scroll of blinking for 67 gold pieces
 33019 | Bazaar   | Bought a scroll of blinking for 67 gold pieces
 33031 | Bazaar   | Bought a pair of glowing gloves for 135 gold pieces
 33350 | Shoals:2 | You pick up a book of Frost and begin reading...
 33350 | Shoals:2 | You add the spells Freeze, Frozen Ramparts and Hailstorm to
                  | your library.
 33648 | Shoals:3 | Received a gift from Sif Muna
 33649 | Shoals:3 | Reached skill level 17 in Fire Magic
 33649 | Shoals:3 | You add the spells Arcjolt and Conjure Ball Lightning to
                  | your library.
 33649 | Shoals:3 | Got Jizub's Spellbook of Fog and the Salvo {god gift}
 33921 | Shoals:3 | You pick up a book of Power and begin reading...
 33921 | Shoals:3 | You add the spells Iron Shot and Spellforged Servitor to
                  | your library.
 33974 | Shoals:3 | Noticed Polyphemus
 34093 | Shoals:2 | HP: 11/87 [Polyphemus (13)]
 34094 | Shoals:2 | Mangled by Polyphemus

Vanquished Creatures
  Jorgrun (Orc:1)
  Kirke (Lair:5)
  2 merfolk impalers
  2 ettins
  5 hydras
  4 ogre magi (Orc:2)
  3 centaur warriors
  Erica (D:8)
  A death knight (D:15)
  2 dancing weapons (D:13)
  A merfolk avatar (Shoals:2)
  11 death yaks
  13 two-headed ogres
  A tengu warrior (D:15)
  A merfolk aquamancer (Shoals:3)
  An orc high priest (Orc:1)
  Nergalle (Lair:2)
  A skyshark (Shoals:1)
  Sonja (Lair:5)
  6 skeletal warriors
  3 goliath frogs (Lair:5)
  2 deep trolls (D:15)
  4 sea snakes
  A deep elf pyromancer (D:12)
  3 harpies (Shoals:1)
  2 necromancers (D:15)
  An orc sorcerer (Orc:2)
  2 orc knights (Orc:2)
  14 ugly things
  8 manticores
  3 cyclopes
  3 fauns
  2 merfolk sirens
  5 water nymphs
  Maurice (Orc:2)
  18 cane toads
  Maggie (D:8)
  6 black mambas
  2 gargoyles (D:11)
  An unseen horror (D:12)
  3 rime drakes
  11 komodo dragons
  2 efreet
  2 freezing wraiths
  2 tengu conjurers (D:13)
  3 kobold demonologists
  A troll (shapeshifter) (D:13)
  15 merfolk
  A queen bee (D:8)
  4 wind drakes
  6 trolls
  2 polar bears (Lair:3)
  Prince Ribbit (D:5)
  A hornet (D:9)
  28 blink frogs
  2 tyrant leeches (Lair:5)
  5 slime creatures
  3 snapping turtles
  5 water elementals
  A shadow (D:13)
  30 yaks
  5 basilisks
  6 hogs (Lair:5)
  2 humans (D:9)
  3 redbacks (Lair:2)
  5 wraiths
  3 wyverns
  4 steam dragons
  9 vampire mosquitoes
  7 wargs
  14 water moccasins
  Edmund (D:6)
  Duvessa (D:5)
  17 orc warriors
  3 black bears
  A black bear (shapeshifter) (D:14)
  2 ice beasts (D:7)
  29 ogres
  5 centaurs
  8 wolves
  A phantom (D:4)
  13 bullfrogs
  2 gnoll sergeants
  3 scorpions
  11 wights
  Dowan (D:5)
  13 killer bees
  5 electric eels
  2 howler monkeys
  2 lava snakes (Lair:2)
  A hound (D:7)
  4 jellies
  11 orc priests
  Jessica (D:3)
  Natasha (D:2)
  2 iguanas (D:6)
  14 orc wizards
  20 gnolls
  5 adders
  A river rat (shapeshifter) (D:15)
  2 shadow imps
  2 white imps
  2 worms
  44 orcs
  5 ball pythons
  7 bats
  2 endoplasms (D:2)
  3 giant cockroaches
  7 goblins
  7 hobgoblins
  6 quokkas
  4 kobolds
  5 rats
603 creatures vanquished.

Vanquished Creatures (others)
  A sea snake (Shoals:1)
  5 dream sheep (D:3)
  187 fulminant prisms
  29 fungi
  160 plants
382 creatures vanquished.

Grand Total: 985 creatures vanquished

Table legend:
 A = Non-vault XP
 B = Vault XP
 C = Vault XP percentage of total XP
 D = Non-vault monster count
 E = Vault monster count
 F = Vault count percentage of total count
                 A         B        C        D         E       F
            +---------+---------+-------+---------+---------+-------
      Total |  108449 |   45306 |  29.5 |     460 |     144 |  23.8
            +---------+---------+-------+---------+---------+-------
        D:1 |      18 |       0 |   0.0 |      10 |       0 |   0.0
        D:2 |      48 |      53 |  52.5 |      17 |       3 |  15.0
        D:3 |      69 |      58 |  45.7 |      13 |       7 |  35.0
        D:4 |     190 |     352 |  64.9 |       6 |       5 |  45.5
        D:5 |     277 |     494 |  64.1 |       5 |       3 |  37.5
        D:6 |     967 |     149 |  13.4 |      19 |       1 |   5.0
        D:7 |     953 |       0 |   0.0 |      19 |       0 |   0.0
        D:8 |     806 |    1923 |  70.5 |      24 |       9 |  27.3
        D:9 |    1155 |     396 |  25.5 |      14 |       2 |  12.5
       D:10 |    2483 |     378 |  13.2 |      26 |       1 |   3.7
       D:11 |    2252 |       0 |   0.0 |       8 |       0 |   0.0
       D:12 |    3430 |       0 |   0.0 |      11 |       0 |   0.0
       D:13 |    7460 |    1654 |  18.1 |      15 |       2 |  11.8
       D:14 |   11109 |       0 |   0.0 |      23 |       0 |   0.0
       D:15 |    7528 |    4447 |  37.1 |      17 |       6 |  26.1
     Lair:1 |    4125 |       0 |   0.0 |      14 |       0 |   0.0
     Lair:2 |    7339 |    2555 |  25.8 |      28 |      16 |  36.4
     Lair:3 |   13685 |       0 |   0.0 |      39 |       0 |   0.0
     Lair:4 |    3367 |     695 |  17.1 |       7 |       3 |  30.0
     Lair:5 |   10226 |   11956 |  53.9 |      33 |      35 |  51.5
   Shoals:1 |   11830 |       0 |   0.0 |      23 |       0 |   0.0
   Shoals:2 |    6390 |     813 |  11.3 |      14 |       1 |   6.7
   Shoals:3 |    5074 |       0 |   0.0 |      13 |       0 |   0.0
      Orc:1 |    1901 |    3174 |  62.5 |      20 |      11 |  35.5
      Orc:2 |    5767 |   16209 |  73.8 |      42 |      39 |  48.1
            +---------+---------+-------+---------+---------+-------

Skill      XL: |  1  2  3  4  5  6  7  8  9 10 11 12 13 14 15 16 |
---------------+-------------------------------------------------+-----
Spellcasting   | 4 5 6 7 9 10 12 15 16 | 16.2
Conjurations   | 5 6 7 8 10 11 14 15 16 17 | 17.5
Hexes          | 1 3 4 5 6 8 9 |  9.0
Translocations | 2 4 |  4.0
Transmutations | 6 7 |  7.0
Invocations    | 3 5 6 |  6.0
Dodging        | 4 6 |  6.0
Stealth        | 4 6 |  6.0
Fighting       | 2 4 5 |  5.0
Fire Magic     | 7 11 15 17 | 17.2
Air Magic      | 4 5 |  5.0

Action                     |  1- 3 |  4- 6 |  7- 9 | 10-12 | 13-15 | 16-18 || total
---------------------------+-------+-------+-------+-------+-------+-------++-------
  Melee: Dagger            |       |     1 |       |       |       |       ||     1
   Cast: Magic Dart        |    36 |    43 |    75 |   107 |   189 |     9 ||   459
         Searing Ray       |     3 |    11 |    38 |    20 |       |       ||    72
         Fulminant Prism   |       |       |    34 |    97 |    54 |     2 ||   187
         Iskenderun's Myst |       |       |     9 |    52 |    64 |     6 ||   131
         Irradiate         |       |       |     1 |    47 |    38 |    10 ||    96
         Iskenderun's Batt |       |       |       |       |    42 |     3 ||    45
         Orb of Destructio |       |       |       |       |    22 |     6 ||    28
         Plasma Beam       |       |       |       |       |    32 |    79 ||   111
         Ignition          |       |       |       |       |       |     3 ||     3
 Invoke: Channel Magic     |       |       |       |       |       |     1 ||     1
    Use: Scroll            |       |       |    20 |     4 |     6 |     2 ||    32
         Potion            |       |       |     1 |       |     2 |       ||     3
 Armour: Leather armour    |     9 |    10 |    14 |    17 |    43 |       ||    93
         Robe              |       |       |       |       |     5 |    13 ||    18
  Dodge: Dodged            |     9 |     8 |    20 |    85 |   103 |    22 ||   247
  Block: Other             |       |       |       |       |     7 |     4 ||    11
         Reflection        |       |       |       |       |     1 |     2 ||     3

Illustrated notes

Table legend:
 A = Kills in this place as a percentage of kills in the entire game.
 B = Kills by you in this place as a percentage of kills by you in the entire game.
 C = Kills by friends in this place as a percentage of kills by friends in the entire game.
 D = Other kills in this place as a percentage of other kills in the entire game.
 E = Experience gained in this place as a percentage of experience gained in the entire game.
 F = Experience gained in this place divided by the number of levels of this place that you have seen.
                   A       B       C       D       E      F
               +-------+-------+-------+-------+-------+----------------------
         Total | 100.0 | 100.0 |   N/A | 100.0 | 100.0 | 5694.6
       Dungeon |  44.0 |  44.1 |   N/A |   0.0 |  31.6 | 3243.3
          Lair |  29.0 |  29.0 |   N/A |   0.0 |  35.1 | 10789.6
        Shoals |   8.4 |   8.3 |   N/A | 100.0 |  15.7 | 8035.7
  Orcish Mines |  18.5 |  18.6 |   N/A |   0.0 |  17.6 | 13525.5
               +-------+-------+-------+-------+-------+----------------------

Table legend: (Time is in decaauts)
 A = Elapsed time spent in this place.
 B = Non-inter-level travel time spent in this place.
 C = Inter-level travel time spent in this place.
 D = Time resting spent in this place.
 E = Time spent auto-exploring this place.
 F = Levels seen in this place.
 G = Mean time per level.
                   A        B        C        D        E       F      G
               +--------+--------+--------+--------+--------+-----+--------+
         Total |  34413 |  33107 |   1306 |  10478 |  16425 |  27 | 1274.6 |
       Dungeon |  18884 |  18045 |    839 |   5068 |   9585 |  15 | 1258.9 |
        Temple |    186 |    157 |     29 |      0 |    149 |   1 |  186.0 |
          Lair |   9204 |   8979 |    225 |   3463 |   4103 |   5 | 1840.8 |
        Shoals |   3226 |   3096 |    130 |   1118 |   1458 |   3 | 1075.3 |
  Orcish Mines |   2802 |   2720 |     82 |    829 |   1070 |   2 | 1401.0 |
        Bazaar |    109 |    109 |      0 |      0 |     59 |   1 |  109.0 |
               +--------+--------+--------+--------+--------+-----+--------+

Top non-repeatable levels by time:
  Lair:2: 2656 daAuts
   Orc:2: 1996 daAuts
  Lair:1: 1829 daAuts
    D:15: 1703 daAuts
  Lair:4: 1702 daAuts
    D:10: 1691 daAuts
Shoals:1: 1656 daAuts
  Lair:3: 1527 daAuts
     D:8: 1522 daAuts
     D:9: 1519 daAuts
    D:12: 1514 daAuts
     D:7: 1495 daAuts
  Lair:5: 1489 daAuts
    D:13: 1453 daAuts
Shoals:2: 1315 daAuts
